 Dungeon Crawl Stone Soup version 0.28-a0-1159-g27aa881441 (webtiles) character file.

Game seed: 17453963140400530987

19476 snetch the Cleaver (level 12, 0/165 HPs)
             Began as a Minotaur Berserker on Dec 15, 2021.
             Was an Elder of Trog.
             Slain by a skeletal warrior (9 damage)
             ... on level 11 of the Dungeon.
             The game lasted 00:43:49 (13883 turns).

snetch the Cleaver (Minotaur Berserker)            Turns: 13883, Time: 00:43:50

Health: 0/165      AC: 22    Str: 32    XL:     12   Next: 36%
Magic:  11/11      EV: 12    Int:  4    God:    Trog [****..]
Gold:   517        SH:  8    Dex: 10    Spells: 11/11 levels left

rFire   + + .      SeeInvis +   a - +2 war axe (vorpal)
rCold   . . .      Faith    .   F - +0 kite shield {rF+}
rNeg    . . .      Spirit   .   X - +3 plate armour
rPois   .          Reflect  .   j - +2 hat
rElec   .          Harm     .   y - scarf {repulsion}
rCorr   .          Rampage  .   (no gloves)
Will    ++...                   D - +0 pair of boots
Stlth   ..........              p - amulet of the acrobat
HPRegen 1.37/turn               i - ring of Epeng {Drain Fly rF+ Str+5 SInv}
MPRegen 0.12/turn               I - +4 ring of evasion

@: berserking, strong-willed, flying, regenerating, repel missiles, very quick
A: horns 2, retaliatory headbutt
a: Renounce Religion, Berserk, Trog's Hand, Brothers in Arms


You were on level 11 of the Dungeon.
You worshipped Trog.
Trog was greatly pleased with you.
You visited 2 branches of the dungeon, and saw 12 of its levels.
You also visited: Bailey.

You collected 821 gold pieces.
You spent 304 gold pieces at shops.

Inventory:

Hand Weapons
 a - a +2 vorpal war axe (weapon)
 b - a +1 falchion of flaming
 c - a +2 trident of venom
 d - the +9 dagger "Concordance" {antimagic, *Rage +Blink rCorr}
   (You found it in a bailey)

   It reduces the magical energy of the wielder, and disrupts the spells and
   magical abilities of those it strikes.
   Natural abilities and divine invocations are not affected.
   +Blink:    It lets you blink.
   *Rage:     It berserks you when you make melee attacks (+20% chance).
   rCorr:     It protects you from acid and corrosion.
 Y - the +5 scimitar of the Imperium {freeze, rN+ MP+9}
   (You took it off a centaur warrior on level 11 of the Dungeon)

   It freezes those it strikes, dealing additional cold damage.
   It can also slow down cold-blooded creatures.
   rN:        It protects you from negative energy.
   MP:        It affects your magic capacity (+9).
 Z - the +7 mace of Variability {chain chaos}
   (You took it off a deep elf pyromancer on level 11 of the Dungeon)

   Each time it hits an enemy it has a different, random effect.
   It occasionally unleashes arcs of chaos on nearby creatures upon striking a
   foe.
Missiles
 f - 284 stones (quivered)
 h - 203 arrows
 k - 6 curare-tipped darts
 u - 35 sling bullets
 v - 4 boomerangs
 w - 31 poisoned darts
 z - 50 bolts
 C - 4 throwing nets
Armour
 j - a +2 hat (worn)
 y - a scarf of repulsion (worn)
 D - a +0 pair of boots (worn)
 F - a +0 kite shield of fire resistance (worn)
 M - +0 swamp dragon scales
 X - a +3 plate armour (worn)
Jewellery
 i - the ring of Epeng (left hand) {Drain Fly rF+ Str+5 SInv}
   (You acquired it on level 8 of the Dungeon)

   [ring of protection from fire]

   Str:       It affects your strength (+5).
   rF:        It protects you from fire.
   SInv:      It lets you see invisible.
   Fly:       It grants you flight.
   Drain:     It drains your maximum health when unequipped.
 p - an amulet of the acrobat (around neck)
 A - a ring of protection from cold
 I - a +4 ring of evasion (right hand)
 V - a +4 ring of slaying
Wands
 q - a wand of paralysis (8)
 E - a wand of flame (17)
 K - a wand of iceblast (5)
 Q - a wand of acid (4)
Scrolls
 g - 2 scrolls of blinking
 l - 2 scrolls of vulnerability
 o - 3 scrolls of fog {unknown}
 t - 5 scrolls of enchant weapon
 B - 2 scrolls of enchant armour {unknown}
 G - 3 scrolls of brand weapon {unknown}
 H - 5 scrolls of teleportation
 N - a scroll of noise {unknown}
 P - a scroll of summoning {unknown}
 R - a scroll of amnesia {unknown}
 T - a scroll of immolation {unknown}
Potions
 e - 3 potions of magic {unknown}
 m - a potion of mutation
 n - 2 potions of resistance
 r - 5 potions of curing
 s - a potion of might
 x - a potion of cancellation
 J - a potion of invisibility
 L - a potion of attraction {unknown}
 O - a potion of lignification {unknown}
 S - a potion of brilliance {unknown}
 U - 4 potions of flight {unknown}
 W - 2 potions of heal wounds


   Skills:
 + Level 11.3 Fighting
 + Level 14.2(15.2) Axes
 + Level 9.0(12.7) Maces & Flails
 + Level 2.7 Throwing
 + Level 12.4 Armour
 + Level 5.0 Dodging
 + Level 1.6 Stealth
 + Level 5.3 Shields
 + Level 0.4 Evocations


You had 11 spell levels left.
You didn't know any spells.
Your spell library contained the following spells:

 Spells                   Type           Power      Damage    Failure   Level
 Animate Skeleton         Necr           0%         N/A       100%        1
 Pain                     Necr           0%         1d4       100%        1
 Gell's Gravitas          Tloc           0%         N/A       100%        3
 Lesser Beckoning         Tloc           0%         N/A       100%        3
 Teleport Other           Tloc           0%         N/A       100%        3
 Vampiric Draining        Necr           0%         2d6       100%        3
 Leda's Liquefaction      Hex/Erth       0%         N/A       100%        4
 Summon Lightning Spire   Summ/Air       0%         N/A       100%        4
 Agony                    Necr           0%         N/A       100%        5
 Excruciating Wounds      Necr           0%         N/A       100%        5
 Fireball                 Conj/Fire      0%         3d3       100%        5
 Freezing Cloud           Conj/Ice/Air   0%         6-21      100%        5
 Iskenderun's Battlesphe  Conj           0%         2d6       100%        5
 Lee's Rapid Deconstruct  Erth           0%         3d5*      100%        5
 Conjure Ball Lightning   Conj/Air       0%         3x3d6     100%        6
 Simulacrum               Ice/Necr       0%         N/A       100%        6
 Statue Form              Tmut/Erth      0%         N/A       100%        6
 Orb of Destruction       Conj           0%         N/A       100%        7
 Storm Form               Tmut/Air       0%         N/A       100%        7
 Maxwell's Capacitive Co  Air            0%         ∞         100%        8
 Polar Vortex             Ice            0%         N/A       100%        9


Dungeon Overview and Level Annotations

Branches:
Dungeon (11/15)            Temple (1/1) D:7            Lair (0/6) D:8
 Bailey (visited)
    Orc: D:9-12

Altars:
Ashenzari
Cheibriados
Dithmenos
Elyvilon
Fedhas
Gozag
Hepliaklqana
Kikubaaqudgha
Makhleb
Nemelex Xobeh
Okawaru
Qazlal
Ru
Sif Muna
Trog
Uskayaw
Vehumet
Wu Jian
Xom
Yredelemnul
Zin
The Shining One
Beogh

Shops:
D:3 :!   D:5 ?

Annotations:
D:3 zombie in glass


Innate Abilities, Weirdness & Mutations

You have a pair of horns on your head.
You reflexively headbutt those who attack you in melee.


Message History

A skeletal warrior comes into view. It is wielding a +0 long sword.
The cyan ugly thing claws you but does no damage.
The skeletal warrior closely misses you.
You hit the skeletal warrior.
Your headbutt misses the skeletal warrior.
The skeletal warrior is lightly damaged.
You closely miss the cyan ugly thing.
The cyan ugly thing claws you but does no damage.
The skeletal warrior hits you with a +0 flail!
Unknown command.
Your skin crawls.
You feel strong-willed.
The cyan ugly thing claws you but does no damage.
You block the skeletal warrior's attack.
A red film seems to cover your vision as you go berserk!
You feel yourself moving faster!
You feel mighty! The cyan ugly thing claws you! The cyan ugly thing shocks you!
The skeletal warrior hits you with a +0 flail!
* * * LOW HITPOINT WARNING * * *
You hit the skeletal warrior.
Your headbutt misses the skeletal warrior.
The skeletal warrior is lightly damaged.
You slice the cyan ugly thing!! The cyan ugly thing claws you.
* * * LOW HITPOINT WARNING * * *
The cyan ugly thing shocks you!
* * * LOW HITPOINT WARNING * * *
You completely miss the skeletal warrior.
You headbutt the skeletal warrior, but do no damage.
The skeletal warrior is lightly damaged.
You hit the cyan ugly thing.
The skeletal warrior hits you with a +0 flail!
* * * LOW HITPOINT WARNING * * *
Unknown command.
You barely miss the skeletal warrior.
The skeletal warrior is lightly damaged.
You slice the cyan ugly thing!!
You kill the cyan ugly thing!
Trog accepts your kill.
The skeletal warrior hits you with a +0 flail!
You die...

..##.##........# #.#
...............# #.#
####.###.......# #.####...
#.......###.#######)÷......
#.......# #........#.###...
#.......###..#.#.#.#.#
#........#....###..#.#
#........#...>.#.#.#.#
......)......[..@zz..##
#.).....)....†.)†z....#
..###.###.....###.###...
.##.#.#.##...## .#.. #..
##..#.#..##.## #..#
#.).#.#...### #..#
....#.#....# #..
####...#####.# #.
.....#......#


You could see 3 skeletal warriors.

Vanquished Creatures
  Harold (D:9)
  A hydra (D:11)
  A boulder beetle (D:11)
  An ogre mage (D:11)
  2 centaur warriors (D:11)
  3 two-headed ogres
  A skeletal warrior (D:11)
  Pikel (D:9)
  A deep elf pyromancer (D:11)
  An orc sorcerer (Bailey)
  3 ugly things (D:11)
  A cyclops (D:11)
  The ghost of fragbeetle the Digger, a novice GrEE of Vehumet (D:7)
  Joseph (D:9)
  Maggie (D:7)
  4 kobold demonologists
  A komodo dragon (D:10)
  2 trolls (D:11)
  A hornet (D:8)
  A meliai zombie (D:10)
  2 shadows
  A wyvern (D:11)
  8 yaks (D:11)
  A wraith (D:11)
  Menkaure (D:7)
  2 acid dragons
  2 water moccasins
  An ice beast (D:7)
  2 sky beasts
  A necrophage (D:6)
  3 ogres
  13 orc warriors
  4 centaurs
  2 kobold brigands (D:8)
  A bullfrog (D:7)
  A scorpion (D:5)
  2 gnoll sergeants
  4 howler monkeys
  3 electric eels (Bailey)
  A crimson imp (D:5)
  8 centaur zombies
  A hound (D:5)
  A gnoll shaman (D:5)
  7 orc priests
  A jelly (D:7)
  Terence (D:2)
  8 orc wizards
  4 iguanas
  A killer bee zombie (D:8)
  18 gnolls
  8 adders
  2 white imps (D:5)
  A worm (D:3)
  2 dart slugs (D:2)
  38 orcs
  9 ball pythons
  11 endoplasms
  3 giant cockroaches
  21 goblins
  9 hobgoblins
  2 quokkas
  12 bats
  4 frilled lizards
  10 kobolds
  3 rats
269 creatures vanquished.

Vanquished Creatures (collateral kills)
  A centaur zombie (D:11)
  A water nymph (shapeshifter) (D:11)
  A rime drake (shapeshifter) (D:11)
  A yak (D:11)
4 creatures vanquished.

Vanquished Creatures (others)
  A human (D:3)
  A gnoll (D:9)
  5 fungi (D:8)
  5 plants (D:8)
12 creatures vanquished.

Grand Total: 285 creatures vanquished

Notes
Turn   | Place    | Note
-------+----------+-------------------------------------------
     0 | D:1      | snetch the Minotaur Berserker began the quest for the Orb.
     0 | D:1      | Reached XP level 1. HP: 19/19 MP: 0/0
   133 | D:1      | Reached skill level 4 in Axes
   135 | D:1      | Reached XP level 2. HP: 27/27 MP: 1/1
   487 | D:1      | Reached XP level 3. HP: 31/33 MP: 2/2
   740 | D:1      | Reached ** piety under Trog
   833 | D:1      | Found a faded altar of an unknown god.
  1278 | D:2      | Found an ornate altar of the Wu Jian Council.
  1558 | D:2      | Reached XP level 4. HP: 40/40 MP: 3/3
  1629 | D:2      | Noticed Terence
  1645 | D:2      | Killed Terence
  2554 | D:3      | Reached skill level 5 in Axes
  2594 | D:3      | Found Qefemol's Distillery.
  2787 | D:3      | Bought a potion of degeneration for 14 gold pieces
  2787 | D:3      | Bought 2 potions of curing for 84 gold pieces
  2787 | D:3      | Bought a potion of might for 56 gold pieces
  2949 | D:3      | Reached XP level 5. HP: 41/47 MP: 4/4
  3158 | D:3      | HP: 1/47 [orc wizard/puff of flame (10)]
  3164 | D:3      | HP: 1/47 [orc wizard/puff of flame (5)]
  3583 | D:3      | Reached skill level 1 in Maces & Flails
  3696 | D:3      | Found Taiqios's Book Shop.
  3702 | D:3      | Reached XP level 6. HP: 53/53 MP: 5/5
  3921 | D:3      | Found an ancient bone altar of Kikubaaqudgha.
  3924 | D:3      | Noticed a human
  3925 | D:3      | Killed a human
  4118 | D:4      | Reached *** piety under Trog
  4130 | D:5      | Entered Level 5 of the Dungeon
  4376 | D:4      | Reached skill level 5 in Fighting
  4982 | D:5      | Reached skill level 1 in Throwing
  5052 | D:5      | Found a stormy altar of Qazlal.
  5053 | D:5      | Found a glowing silver altar of Zin.
  5054 | D:5      | Found a radiant altar of Vehumet.
  5055 | D:5      | Found a hide-covered altar of Uskayaw.
  5085 | D:5      | Reached XP level 7. HP: 37/61 MP: 6/6
  5091 | D:5      | Reached skill level 5 in Armour
  5607 | D:5      | You fall into a shaft and drop 2 floors!
  5641 | D:7      | Reached skill level 5 in Maces & Flails
  5971 | D:5      | Found Ucoiloso's Magic Scroll Emporium.
  5980 | D:5      | Bought a scroll of teleportation for 36 gold pieces
  5980 | D:5      | Bought a scroll of blinking for 90 gold pieces
  5980 | D:5      | Bought a scroll of identify for 24 gold pieces
  6194 | D:5      | Reached XP level 8. HP: 66/69 MP: 7/7
  6375 | D:6      | Reached skill level 1 in Stealth
  7120 | D:6      | Found a white marble altar of Elyvilon.
  7182 | D:7      | Noticed Maggie
  7197 | D:7      | Killed Maggie
  7200 | D:7      | Noticed Menkaure
  7222 | D:7      | Killed Menkaure
  7444 | D:7      | Found a runed translucent gate.
  7444 | D:7      | Found a runed translucent gate.
  7444 | D:7      | Found a runed translucent gate.
  7447 | D:7      | Noticed fragbeetle's ghost (novice GrEE)
  7472 | D:7      | Reached XP level 9. HP: 79/79 MP: 8/8
  7569 | D:8      | Noticed a two-headed ogre
  7577 | D:8      | Killed a two-headed ogre
  7697 | D:8      | Reached skill level 6 in Axes
  7712 | D:8      | Found a flagged portal.
  7729 | Bailey   | Entered a bailey
  8072 | Bailey   | Found an iron altar of Okawaru.
  8072 | Bailey   | Noticed an orc sorcerer
  8072 | Bailey   | Noticed a kobold demonologist
  8084 | Bailey   | Noticed a soul eater
  8084 | Bailey   | Noticed a soul eater
  8090 | Bailey   | Killed an orc sorcerer
  8091 | Bailey   | Reached skill level 7 in Axes
  8100 | Bailey   | Killed a kobold demonologist
  8421 | Bailey   | HP: 4/81 [electric eel/bolt of electricity (15)]
  8761 | Bailey   | Reached XP level 10. HP: 75/88 MP: 9/9
  8823 | Bailey   | Reached skill level 8 in Axes
  8831 | Bailey   | Reached **** piety under Trog
  9186 | Bailey   | Identified the +9 dagger "Concordance" {antimagic, *Rage
                  | +Blink rCorr}
  9382 | D:7      | Found a staircase to the Ecumenical Temple.
  9387 | Temple   | Entered the Ecumenical Temple
  9842 | D:7      | Found a basalt altar of Yredelemnul.
 10044 | D:7      | Killed fragbeetle's ghost
 10045 | D:7      | Reached skill level 9 in Axes
 10267 | D:8      | Noticed an orange demon
 10334 | D:8      | Acquired a +0 kite shield of fire resistance
 10340 | D:8      | Acquired the ring of Epeng {Drain Fly rF+ Str+5 SInv}
 10488 | D:8      | Found a staircase to the Lair.
 10672 | D:9      | Noticed Pikel
 10677 | D:9      | Killed Pikel
 10678 | D:9      | Reached skill level 10 in Axes
 10678 | D:9      | Reached skill level 10 in Armour
 10732 | D:9      | Noticed a two-headed ogre
 10746 | D:9      | Killed a two-headed ogre
 11003 | D:9      | Reached skill level 11 in Axes
 11047 | D:9      | Noticed Harold
 11065 | D:9      | Killed Harold
 11066 | D:9      | Reached skill level 1 in Shields
 11066 | D:9      | Reached XP level 11. HP: 85/97 MP: 10/10
 11083 | D:9      | Noticed Joseph
 11093 | D:9      | Killed Joseph
 11255 | D:9      | Found a shimmering altar of Xom.
 11583 | D:10     | Entered Level 10 of the Dungeon
 11776 | D:10     | Reached skill level 12 in Axes
 11880 | D:10     | Identified the +1 leather armour "Jori" {rN+ Int+3 SInv}
 12004 | D:11     | Noticed an ogre mage
 12006 | D:11     | Noticed a boulder beetle
 12021 | D:11     | Killed an ogre mage
 12022 | D:11     | Reached skill level 10 in Fighting
 12026 | D:11     | Killed a boulder beetle
 12118 | D:11     | Noticed a brown ugly thing
 12136 | D:11     | Killed a brown ugly thing
 12137 | D:11     | Reached skill level 13 in Axes
 12598 | D:10     | Found a glowing golden altar of the Shining One.
 12601 | D:10     | Found a blossoming altar of Fedhas.
 12606 | D:10     | Found a sacrificial altar of Ru.
 13115 | D:11     | Noticed a skeletal warrior
 13116 | D:11     | Noticed a two-headed ogre
 13125 | D:11     | Noticed a purple ugly thing
 13152 | D:11     | Killed a skeletal warrior
 13153 | D:11     | Reached skill level 5 in Shields
 13153 | D:11     | Reached XP level 12. HP: 22/108 MP: 11/11
 13153 | D:11     | Killed a two-headed ogre
 13154 | D:11     | Reached skill level 5 in Dodging
 13471 | D:11     | Noticed a centaur warrior
 13481 | D:11     | Killed a centaur warrior
 13545 | D:11     | Noticed an eight-headed hydra
 13554 | D:11     | Killed a seven-headed hydra
 13555 | D:11     | Reached skill level 14 in Axes
 13642 | D:11     | Identified the +5 scimitar of the Imperium {freeze, rN+
                  | MP+9}
 13642 | D:11     | Noticed a centaur warrior
 13663 | D:11     | Killed a centaur warrior
 13882 | D:11     | HP: 8/165 [skeletal warrior (11)]
 13883 | D:11     | Slain by a skeletal warrior

Illustrated notes

Levels and vault maps discovered:
D:1:      sevenhm_arrival_forest_fort_large_4, layout_basic,
          dilly_ecumenical_altar_fadedgnrine
D:2:      wad_crossroads, layout_basic, basic_altar,
          amcnicky_mini_corridor_feature, minmay_increasing_density,
          uniq_terence
D:3:      layout_loops_ring, tgw_kikubaaqudgha, serial_shops, shop_statue,
          nicolae_shop_stone
D:4:      layout_gridville
D:5:      layout_loops_ring, chequers_temple_overflow_statue_of_worship,
          serial_shops, nicolae_shop_stone, minmay_fire_ice_demons
D:6:      layout_loops_cross, nicolae_elyvilon_temple_path, nrook_mini_vaults
D:7:      layout_basic, lemuel_crystal_altar, minmay_temple_entry_nine_rooms,
          biasface_ghost_orc_armoury, corexii_corridor_pit, uniq_menkaure,
          uniq_maggie
D:8:      layout_rooms, dpeg_oklobed_lair, enter_bailey_6,
          amcnicky_mini_rare_corridor_liquid, minmay_misc_feat_tiny
D:9:      layout_basic, lemuel_coloured_pillars_altar, uniq_pikel, uniq_joseph,
          uniq_harold
D:10:     layout_roguey, grunt_temple_overflow_diamond, minmay_strange_pillars
D:11:     minmay_the_grid_octo_2x2 [minmay_the_grid_octo_chip,
          minmay_the_grid_octo_teeth, minmay_the_grid_octo_clover,
          minmay_the_grid_octo_prize_star], layout_loops_cross, david_orc_3,
          serial_shops, nicolae_shop_crystal, grunt_gozag_breadcrumbs
Temple:   jpeg_temple_clearing

Skill      XL: |  1  2  3  4  5  6  7  8  9 10 11 12 |
---------------+-------------------------------------+-----
Axes           | 4 5 7 11 13 14 | 14.2
Fighting       | 4 5 7 8 9 10 11 | 11.3
Dodging        | 3 4 5 |  5.0
Armour         | 3 4 6 7 9 10 11 12 | 12.4
Maces & Flails | 1 3 5 7 9 |  9.0
Throwing       | 1 2 |  2.7
Stealth        | 1 |  1.6
Shields        | 1 5 |  5.3
Evocations     | |  0.4

Action                   |  1- 3 |  4- 6 |  7- 9 | 10-12 || total
-------------------------+-------+-------+-------+-------++-------
Melee: Hand axe          |    75 |    64 |       |       ||   139
       Headbutt          |     7 |    32 |    38 |    82 ||   159
       Flail             |       |    91 |    50 |       ||   141
       Morningstar       |       |       |    40 |       ||    40
       War axe           |       |       |    94 |   318 ||   412
       Trident           |       |       |     8 |       ||     8
       Falchion          |       |       |       |     3 ||     3
Throw: Stone             |     3 |    23 |     9 |     5 ||    40
       Dart              |       |       |       |     7 ||     7
Invok: Berserk           |       |     1 |     2 |     4 ||     7
       Trog's Hand       |       |       |     3 |     6 ||     9
       Brothers in Arms  |       |       |       |     2 ||     2
Evoke: Wand              |       |       |       |     4 ||     4
  Use: Potion            |       |     1 |       |       ||     1
       Scroll            |       |       |     5 |     4 ||     9
Armor: Animal skin       |    14 |       |       |       ||    14
       Ring mail         |     8 |     5 |       |       ||    13
       Scale mail        |       |    15 |       |       ||    15
       Chain mail        |       |    54 |    45 |       ||    99
       Swamp dragon scal |       |       |    14 |       ||    14
       Plate armour      |       |       |    16 |   184 ||   200
Dodge: Dodged            |    58 |    91 |   145 |   233 ||   527
       Repelled          |       |     1 |     2 |     2 ||     5
Block: Kite shield       |       |       |       |    88 ||    88

Table legend: (Time is in decaauts)
 A = Elapsed time spent in this place.
 B = Non-inter-level travel time spent in this place.
 C = Inter-level travel time spent in this place.
 D = Time resting spent in this place.
 E = Time spent auto-exploring this place.
 F = Levels seen in this place.
 G = Mean time per level.
                   A        B        C        D        E       F      G
               +--------+--------+--------+--------+--------+-----+--------+
         Total |  14053 |  13237 |    816 |    635 |   8690 |  13 | 1081.0 |
       Dungeon |  12383 |  11584 |    799 |     22 |   8248 |  11 | 1125.7 |
        Temple |    138 |    121 |     17 |      0 |    109 |   1 |  138.0 |
        Bailey |   1531 |   1531 |      0 |    613 |    333 |   1 | 1531.0 |
               +--------+--------+--------+--------+--------+-----+--------+

Top non-repeatable levels by time:
     D:3: 1607 daAuts
  Bailey: 1531 daAuts
     D:7: 1405 daAuts
     D:2: 1347 daAuts
     D:5: 1222 daAuts
    D:11: 1179 daAuts
     D:1: 1150 daAuts
    D:10: 976 daAuts
     D:8: 932 daAuts
     D:4: 871 daAuts
     D:9: 853 daAuts
     D:6: 835 daAuts
  Temple: 138 daAuts
